AoeStats
← Eugenius

MegaRandom

508992911Analyzed
4v4 RM · 8d ago on Sep 25, 2026· 38m 36s· 8 players
Game mode
Random Map
Map size
Large (8 player)
Population
200
Speed
Normal
Resources
Standard
Victory
Conquest
Starting age
Dark Age
Ending age
Imperial Age
RankedLock teamsTeams togetherTeam positionsShared explorationLock speedFull tech treeHidden civsTurbo modeCheats
Victory
Defeat
🇷🇺 Cumans · Russia
1907
+5
🇦🇷 Varangians · Argentina
1862
+6
🇨🇭 Ethiopians · Switzerland
1700
+11
🇨🇴 Burmese · Colombia
1622
+14
🇧🇷 Bohemians · Brazil
1655
-11
🇨🇳 Saracens · China
1599
-9
🇵🇪 Hindustanis · Peru
1582
-8
🇵🇪 Gurjaras · Peru
1566
-8
The .Gocho
0:34 Loom
9:50 Feudal Age
12:54 Wheelbarrow
21:37 Castle Age
19:58 Fletching
20:09 Gold Mining
21:27 Scale Barding Armor
21:40 Bloodlines
21:44 Forging
22:20 Husbandry
28:09 Chain Barding Armor
29:23 Fishing Lines
31:55 Iron Casting
33:11 Light Cavalry
33:58 Devotion
36:23 Bodkin Arrow
36:57 Horse Collar
41:11 Imperial Age
[BÜN] Mr. Grüezi
0:42 Loom
11:36 Feudal Age
12:00 Feudal Age
12:05 Feudal Age
16:09 Castle Age
14:04 Double-Bit Axe
17:29 Scale Mail Armor
17:35 Fishing Lines
21:29 Horse Collar
24:43 Sanctity
26:04 Gillnets
26:52 Chain Mail Armor
27:34 Squires
29:39 Wheelbarrow
31:01 Town Watch
31:30 Bow Saw
34:03 Imperial Age
32:13 Forging
31:52 Arson
32:29 Heavy Plow
33:47 Hand Cart
33:48 Stone Mining
34:58 Iron Casting
34:17 Fletching
35:47 Plate Mail Armor
36:48 Blast Furnace
37:39 Conscription
37:49 Elite Shotel Warrior
Eugenius
0:32 Loom
10:47 Feudal Age
11:16 Double-Bit Axe
17:51 Castle Age
18:11 Fishing Lines
24:55 Fletching
26:04 Bow Saw
26:24 Bodkin Arrow
28:10 Gold Mining
28:11 Stone Mining
31:21 Wheelbarrow
31:20 Ballistics
32:39 Padded Archer Armor
35:44 Imperial Age
34:41 Gold Shaft Mining
37:49 Conscription
Gary_zZ
0:35 Loom
10:13 Feudal Age
11:05 Double-Bit Axe
13:15 Bloodlines
13:42 Scale Barding Armor
15:12 Horse Collar
20:47 Castle Age
19:46 Forging
19:30 Fishing Lines
22:01 Chain Barding Armor
22:50 Husbandry
23:50 Bow Saw
25:24 Wheelbarrow
24:43 Gillnets
28:00 Stone Mining
28:03 Gold Mining
29:19 Town Watch
36:01 Imperial Age
34:33 Iron Casting
34:26 Vendel Legacy
37:19 Plate Barding Armor
36:04 Cavalier
37:31 Conscription
38:35 Blast Furnace
DarkWolf110722
0:37 Loom
9:12 Feudal Age
9:44 Double-Bit Axe
12:38 Forging
15:50 Scale Barding Armor
15:47 Horse Collar
22:54 Castle Age
22:14 Bloodlines
23:57 Chain Barding Armor
29:00 Husbandry
29:46 Gold Mining
30:45 Wheelbarrow
33:37 Fishing Lines
34:41 Stone Mining
35:23 Hand Cart
39:46 Imperial Age
海的盒子
0:33 Loom
10:52 Feudal Age
11:21 Double-Bit Axe
11:59 Horse Collar
15:06 Fletching
19:55 Padded Archer Armor
23:41 Castle Age
24:39 Bow Saw
30:58 Imperial Age
28:31 Gold Mining
28:32 Stone Mining
30:46 Wheelbarrow
33:20 Leather Archer Armor
33:49 Elite Skirmisher
37:26 Bodkin Arrow
38:10 Ballistics
38:31 Conscription
The Entrepreneur
0:33 Loom
10:11 Feudal Age
12:05 Fishing Lines
14:40 Fletching
19:12 Double-Bit Axe
22:56 Castle Age
21:06 Horse Collar
23:30 Gillnets
23:01 Crossbowman
23:39 Bodkin Arrow
24:14 Bow Saw
26:18 Ballistics
28:36 Chemistry
30:17 Town Watch
32:34 Wheelbarrow
36:11 Heavy Plow
39:51 Imperial Age
38:19 Hand Cart
The_Night_Wolf
7:13 Loom
9:45 Feudal Age
10:16 Double-Bit Axe
13:32 Forging
21:39 Castle Age
22:22 Fletching
28:35 Bodkin Arrow
31:32 Redemption
32:55 Stone Mining
Connection lost

Rejoining the realm…

Still unreachable

The connection could not be restored.

Session expired

The server has moved on; the page needs a fresh start.